 Dungeon Crawl Stone Soup version 0.32-a0-22-g6ae6769602 (webtiles) character file.

Game seed: 3961944708114693066

135050 Lobster4 the Cloud Mage (level 17, -3/102 HPs)
             Began as a Tengu Air Elementalist on Jan 17, 2024.
             Was the Champion of Nemelex Xobeh.
             Drowned by a water elemental (10 damage)
             ... led by a merfolk aquamancer
             ... on level 3 of the Shoals on Jan 18, 2024.
             The game lasted 01:57:54 (45682 turns).

Lobster4 the Cloud Mage (Tengu Air Elementalist)   Turns: 45682, Time: 01:57:55

Health: -3/102     AC: 18    Str: 13    XL:     17   Next: 18%
Magic:  32/33      EV: 20    Int: 20    God:    Nemelex Xobeh [******]
Gold:   1845       SH: 11    Dex: 17    Spells: 15/38 levels left

rFire   + . .        j - +3 dagger (venom)
rCold   . . .        t - +0 buckler
rNeg    . . .        G - +1 leather armour {rPois}
rPois   +            w - +2 hat
rElec   .            V - +2 cloak {rCorr}
rCorr   +            q - +2 pair of gloves {Str+3}
SInv    .            (boots unavailable)
Will    +....        W - amulet of reflection
Stlth   ++           y - +4 ring of protection
HPRegen 0.37/turn    E - ring of protection from fire
MPRegen 0.23/turn

%: reflection, acrobat
@: engulfed (cannot breathe), flying
A: beak, talons 3, evasive flight, acrobatic
a: Renounce Religion, Draw Escape, Draw Destruction, Draw Summoning, Draw Stack,
Triple Draw, Deal Four, Stack Five


You were on level 3 of the Shoals.
You worshipped Nemelex Xobeh.
Nemelex Xobeh was exalted by your worship.
You visited 4 branches of the dungeon, and saw 26 of its levels.
You also visited: Ice Cave.

You collected 2972 gold pieces.
You spent 1127 gold pieces at shops.

Inventory:

Hand Weapons
 j - a +3 dagger of venom (weapon)
 o - a +3 scimitar of flaming
 z - the +5 demon trident of Bemah {freeze, Int+2}
   (You bought it in a shop on level 2 of the Orcish Mines)

   Int+2:     It affects your intelligence (+2).
Missiles
 R - 3 curare-tipped darts
 Z - 2 throwing nets
Armour
 c - a +2 robe of resistance
 m - the +5 scale mail "Jompoumi" {Int+7 Stlth+}
   (You found it in an ice cave)

   Int+7:     It affects your intelligence (+7).
   Stlth+:    It makes you more stealthy.
 q - a +2 pair of gloves of strength (worn)
 t - a +0 buckler (worn)
 w - a +2 hat (worn)
 G - a +1 leather armour of poison resistance (worn)
 V - a +2 cloak of preservation (worn)
Jewellery
 f - an amulet of guardian spirit
 k - a +5 ring of evasion
 p - a ring of protection from fire
 s - a ring of protection from cold
 u - a ring of willpower
 y - a +4 ring of protection (left hand)
 D - a ring of see invisible
 E - a ring of protection from fire (right hand)
 T - a +6 ring of dexterity
 W - an amulet of reflection (around neck)
Wands
 a - a wand of light (5)
 J - a wand of charming (10)
 L - a wand of mindburst (10)
 Q - a wand of polymorph (4)
 S - a wand of iceblast (6)
 U - a wand of flame (18)
Scrolls
 d - 2 scrolls of immolation
 e - a scroll of noise
 h - a scroll of blinking
 i - a scroll of poison
 l - 5 scrolls of teleportation
 A - a scroll of silence
 B - 3 scrolls of enchant weapon
 F - a scroll of acquirement
 O - a scroll of fog
 X - a scroll of enchant armour
Potions
 b - 3 potions of magic
 g - 6 potions of curing
 n - 6 potions of attraction
 r - 4 potions of enlightenment
 v - a potion of cancellation
 C - 2 potions of might
 I - a potion of invisibility
 K - 2 potions of resistance
 M - a potion of ambrosia
 N - 3 potions of mutation
 P - 5 potions of berserk rage
 Y - 5 potions of brilliance
Miscellaneous
 x - a phial of floods


   Skills:
 - Level 10.0 Fighting
 - Level 1.0(1.5) Short Blades
 - Level 1.8(2.0) Long Blades
 + Level 4.3 Polearms
 - Level 1.0 Throwing
 + Level 9.2 Armour
 + Level 9.0 Dodging
 - Level 2.0 Stealth
 - Level 6.0 Shields
 + Level 11.3 Spellcasting
 + Level 15.3 Conjurations
 - Level 5.0 Summonings
 - Level 2.0 Translocations
 + Level 22.6 Air Magic
 - Level 10.0 Invocations
 - Level 3.0 Evocations


You had 15 spell levels left.
You knew the following spells:

 Your Spells              Type           Power      Damage    Failure   Level
a - Shock                 Conj/Air       100%       1d9       0%          1
b - Static Discharge      Conj/Air       100%       3-8/arc   0%          2
d - Airstrike             Air            40%        2d(6-22)  0%          4
e - Mephitic Cloud        Conj/Alch/Air  58%        N/A       1%          3
g - Summon Lightning Spi  Summ/Air       61%        N/A       1%          4
h - Iskenderun's Mystic   Conj/Tloc      45%        2d10      2%          4
s - Swiftness             Air            80%        N/A       0%          3
x - Blink                 Tloc           38%        N/A       7%          2

Your spell library contained the following spells:

 Spells                   Type           Power      Damage    Failure   Level
 Kiss of Death            Conj/Necr      100%       2d13      1%          1
 Magic Dart               Conj           100%       1d8       1%          1
 Sting                    Conj/Alch      100%       1d9       1%          1
 Call Imp                 Summ           62%        N/A       1%          2
 Mercury Vapours          Alch/Air       100%       N/A       1%          2
 Searing Ray              Conj           100%       2d8       1%          2
 Fulminant Prism          Conj/Alch      20%        3d12      4%          4
 Lesser Beckoning         Tloc           38%        N/A       7%          2
 Irradiate                Conj/Alch      20%        3d18      12%         5
 Gell's Gravitas          Tloc           19%        N/A       13%         3
 Teleport Other           Tloc           19%        N/A       13%         3
 Ensorcelled Hibernation  Hex/Ice        22%        N/A       16%         2
 Confusing Touch          Hex            11%        N/A       30%         3
 Fugue of the Fallen      Necr           11%        N/A       30%         3
 Inner Flame              Hex/Fire       11%        N/A       30%         3
 Tukima's Dance           Hex            11%        N/A       30%         3
 Animate Armour           Summ/Erth      42%        N/A       34%         4
 Manifold Assault         Tloc           19%        N/A       41%         4
 Dimensional Bullseye     Hex/Tloc       7%         N/A       54%         4
 Anguish                  Hex/Necr       5%         N/A       69%         4
 Dispel Undead            Necr           11%        3d9       69%         4
 Olgreb's Toxic Radiance  Alch           11%        N/A       69%         4
 Borgnjor's Vile Clutch   Necr/Erth      5%         N/A       95%         5
 Dispersal                Tloc           9%         N/A       100%        6
 Disjunction              Tloc           9%         N/A       100%        8
 Ignition                 Fire           5%         3d4       100%        8
 Lehudib's Crystal Spear  Conj/Erth      20%        10d6      100%        8


Dungeon Overview and Level Annotations

Branches:
Dungeon (15/15)            Temple (0/1) D:7            Lair (5/5) D:11
 Shoals (4/4) Lair:2        Snake (0/4) Lair:3        Slime (0/5) Lair:4
    Orc (2/2) D:9             Elf (0/3) Orc:2        Vaults (0/5) D:14
 Depths (0/4) D:15          IceCv (visited)

Altars:
Ashenzari
Cheibriados
Fedhas
Gozag
Nemelex Xobeh
Okawaru
Trog
Yredelemnul
Jiyva

Shops:
D:4 (   D:7 (   D:10 *?*   D:13 *   Orc:1 :   Orc:2 [[([

Portals:
Trove: D:13 (give 8 potions of haste)

Annotations:
D:5 Menkaure
D:7 2 transporters, ggggg's ghost, novice DsNe
D:8 2 runed translucent doors
D:9 3 runed translucent doors, Aneyh's ghost, novice TeMo
Lair:2 exclusion: orange crystal statue
Lair:5 Rupert
Shoals:1 1 runed translucent door
Shoals:3 Ilsuiw
Shoals:4 Bai Suzhen


Innate Abilities, Weirdness & Mutations

You have a beak for a mouth.
You have claws for feet.
Your magical flight helps you evade attacks. (EV +4)
You can magically evade attacks while moving or waiting.


Message History

Your lightning spire shoots out a bolt of lightning at the water elemental!
The bolt of electricity hits the water elemental.
The water elemental resists.
Something hits you but does no damage.
You feel much better.
Your lungs strain for air!
The water elemental hits you. Something hits you. Something freezes you.
You barely miss the water elemental. Your kick misses the water elemental.
The water elemental is lightly damaged.
Your lungs strain for air!
The water elemental misses you. Something hits you but does no damage.
You hit the water elemental but do no damage.
The water elemental is lightly damaged.
* * * LOW HITPOINT WARNING * * *
Your lungs strain for air!
You block the water elemental's attack. Something hits you!
* * * LOW HITPOINT WARNING * * *
Something freezes you.
* * * LOW HITPOINT WARNING * * *
You cannot read scrolls while unable to breathe!
Okay, then.
Unknown command.
You cannot cast spells while unable to breathe!
Unknown command.
Aiming: Bolt of Light
Press: ? - help, Shift-Dir - straight line, f - water elemental
Aim: a water elemental (lightly damaged, ally target, 84% to hit)
The bolt of light hits the water elemental!!
The water elemental is severely damaged.
* * * LOW HITPOINT WARNING * * *
Your lungs strain for air!
You block the water elemental's attack.
Your lightning spire shoots out a bolt of lightning at the water elemental!
The bolt of electricity hits the water elemental.
The water elemental resists.
Something hits you.
* * * LOW HITPOINT WARNING * * *
Something freezes you.
* * * LOW HITPOINT WARNING * * *
You feel better.
You die...
Your body glows with a rainbow of weird colours and disappears.

≈≈≈≈≈≈~~~~~....~~~~~~≈≈≈≈≈≈≈≈≈≈≈≈
≈≈≈≈≈~~~~~~....~~~~~~~≈≈≈≈≈≈≈≈≈≈≈
~~~~~~~.~~.....~~~~~~~≈≈≈≈≈≈≈≈≈≈≈
~~~~~~~.~~.....~~~~~~~≈≈≈≈≈≈≈≈≈≈≈
.~~~....~~~.##.~~~~~~≈≈≈≈≈≈≈≈≈≈≈≈
..~~....~~~.###...~~~≈≈≈≈≈≈≈≈≈≈≈≈
~~~.......~..~~~~~~~~≈≈≈≈≈≈≈≈≈≈≈≈
~~~~##...~.~~~~~~~~~≈≈≈≈≈≈≈≈≈≈≈≈≈
~~...#...~..~~{~@~~~~≈≈≈≈≈≈≈≈≈≈≈≈
.......~..>.~~~>E~~~~≈≈≈≈≈≈≈≈≈≈≈≈
.....#..~..~~8~~~~~~~≈≈≈≈≈≈≈≈≈≈≈≈
..##.....~~~~~[≈≈≈≈≈≈≈≈≈≈≈≈≈≈≈≈≈≈
..##.......~~~~≈≈≈≈≈≈≈≈≈≈≈≈≈≈≈≈≈≈
........##.~~~≈≈≈≈≈≈≈≈≈≈≈≈≈≈≈≈≈≈≈
..~..##.##.~~~≈≈≈≈≈≈≈≈≈≈≈≈≈≈≈≈≈≈≈
....####..~~~≈≈≈≈≈≈≈≈≈≈≈≈≈≈≈≈≈≈≈≈
.~...###.~~~~~~~≈≈≈≈≈≈≈≈≈≈≈≈≈≈≈≈≈


You could see a water elemental (distracted, ally target) and a friendly
lightning spire (summoned).

Vanquished Creatures
  Gastronok (Lair:2)
  A reaper (IceCv)
  Nessos (D:15)
  Snorg (D:14)
  2 merfolk javelineers
  A fire dragon (D:15)
  2 merfolk impalers
  3 hydras
  An ice dragon (Shoals:1)
  3 merfolk aquamancers (Shoals:4)
  Erica (D:8)
  An alligator snapping turtle (Shoals:3)
  3 boulder beetles
  3 centaur warriors
  A catoblepas (Lair:5)
  2 merfolk avatars (Shoals:3)
  6 two-headed ogres
  A satyr (Shoals:3)
  6 death yaks
  4 orc high priests (Orc:2)
  Sonja (Orc:2)
  2 skysharks (Shoals:1)
  Nergalle (Orc:1)
  A skeletal warrior (D:12)
  5 sea snakes
  2 arcanists
  3 orc knights (Orc:2)
  Pikel (D:6)
  9 harpies
  5 deep elf pyromancers
  9 ugly things
  3 oklob plants (D:11)
  5 cyclopes
  10 manticores
  6 fauns
  3 kobold blastminers (Orc:1)
  4 black mambas
  2 ice statues (IceCv)
  3 water nymphs (Shoals:3)
  A cane toad (Lair:1)
  An unseen horror (D:12)
  A rime drake (shapeshifter) (D:15)
  8 komodo dragons
  3 efreet
  2 kobold demonologists
  3 rime drakes
  3 ice devils
  A tengu conjurer (D:13)
  14 merfolk
  6 trolls
  4 wind drakes
  A polar bear (Lair:5)
  A snapping turtle (Shoals:1)
  5 blink frogs
  A slime creature (D:13)
  4 dream sheep
  Sigmund (D:5)
  9 wraiths
  3 water elementals
  A shadow (D:10)
  A dire elephant simulacrum (IceCv)
  2 wyverns
  A basilisk (Lair:4)
  42 yaks
  5 wargs (Orc:1)
  2 steam dragons
  4 vampire mosquitoes
  5 nagas (Lair:3)
  2 acid dragons
  11 water moccasins
  A meliai simulacrum (D:15)
  31 orc warriors
  4 black bears
  6 ogres
  2 ice beasts
  8 wolves
  2 centaurs
  A lemure (D:6)
  3 kobold brigands
  9 bullfrogs
  3 scorpions
  A gnoll sergeant (D:6)
  2 two-headed ogre simulacra (IceCv)
  3 wights (D:9)
  8 killer bees
  An elephant simulacrum (IceCv)
  6 howler monkeys
  A bombardier beetle (D:5)
  2 electric eels
  12 jellies
  2 lava snakes (Lair:2)
  A hound (D:6)
  37 orc priests
  A gnoll bouda (D:7)
  An iguana (D:5)
  10 orc wizards
  A sleepcap (D:6)
  2 spriggan simulacra (IceCv)
  2 troll simulacra (IceCv)
  A hell rat (Lair:3)
  10 gnolls
  8 adders
  A white imp (D:6)
  A ribbon worm (D:5)
  A dart slug (D:2)
  89 orcs
  25 endoplasms
  2 giant cockroaches
  12 goblins
  6 hobgoblins
  3 jackals (D:3)
  6 quokkas
  11 ball pythons
  5 bats
  6 frilled lizards
  24 kobolds
  10 rats
651 creatures vanquished.

Vanquished Creatures (collateral kills)
  A merfolk javelineer (Shoals:3)
  Josephine (D:13)
  4 merfolk impalers
  2 ice dragons
  2 hydras
  A merfolk avatar (Shoals:1)
  3 catoblepae (Lair:5)
  A centaur warrior (D:14)
  2 two-headed ogres
  4 death yaks
  An orc high priest (Orc:2)
  Urug (Orc:2)
  3 skysharks
  2 sea snakes (Shoals:1)
  4 harpies
  2 orc knights (Orc:2)
  A deep elf pyromancer (D:14)
  A deep elf zephyrmancer (D:14)
  3 ugly things (D:15)
  3 fauns
  6 manticores
  A cyclops (D:15)
  3 merfolk sirens
  2 torpor snails
  A cane toad (Lair:2)
  A freezing wraith (IceCv)
  3 komodo dragons
  An anaconda simulacrum (IceCv)
  13 merfolk
  5 ice devils
  A polar bear (Lair:3)
  4 blink frogs (Lair:3)
  6 trolls
  4 dream sheep
  2 snapping turtles
  3 slime creatures
  22 yaks
  A shadow (D:12)
  A vampire (D:12)
  2 wraiths (D:13)
  A basilisk (Lair:3)
  A death yak simulacrum (IceCv)
  5 vampire mosquitoes (D:12)
  A naga (Lair:3)
  4 water moccasins
  8 orc warriors
  2 ogres
  A laughing skull (D:12)
  3 wolves
  2 bullfrogs (Lair:4)
  2 two-headed ogre simulacra (IceCv)
  A cane toad simulacrum (IceCv)
  2 elephant simulacra (IceCv)
  2 lava snakes (Lair:2)
  8 jellies
  3 orc priests
  2 troll simulacra (IceCv)
  3 hell rats (Lair:3)
  A polar bear simulacrum (IceCv)
  A naga simulacrum (IceCv)
  A white imp (IceCv)
  2 ufetubi (IceCv)
  13 orcs
193 creatures vanquished.

Vanquished Creatures (others)
  An ogre mage (D:15)
  An orc wizard (D:8)
  2 orcs (D:8)
4 creatures vanquished.

Grand Total: 848 creatures vanquished

Notes
Turn   | Place    | Note
-------+----------+-------------------------------------------
     0 | D:1      | Lobster4 the Tengu Air Elementalist began the quest for the
                  | Orb.
     0 | D:1      | Reached XP level 1. HP: 10/10 MP: 4/4
   300 | D:1      | Reached skill level 1 in Armour
   300 | D:1      | Reached XP level 2. HP: 3/15 MP: 1/6
   787 | D:1      | Reached XP level 3. HP: 19/19 MP: 2/7
  1119 | D:2      | Reached skill level 5 in Air Magic
  1805 | D:3      | Reached XP level 4. HP: 24/24 MP: 2/8
  2057 | D:3      | Reached skill level 1 in Shields
  2057 | D:3      | Reached skill level 6 in Air Magic
  2240 | D:3      | Reached XP level 5. HP: 28/28 MP: 4/9
  2687 | D:3      | Learned a level 3 spell: Swiftness
  2690 | D:3      | Learned a level 2 spell: Static Discharge
  3266 | D:4      | Found Deerocut's Weapon Emporium.
  3422 | D:4      | Reached skill level 7 in Air Magic
  3489 | D:4      | Reached XP level 6. HP: 32/32 MP: 4/10
  3947 | D:4      | Found a sparkling altar of Nemelex Xobeh.
  3947 | D:4      | Found a broken altar of Ashenzari.
  4039 | D:4      | Found an iron altar of Okawaru.
  4197 | D:4      | Became a worshipper of Nemelex Xobeh the Trickster
  4210 | D:5      | Entered Level 5 of the Dungeon
  4326 | D:5      | Noticed Menkaure
  4360 | D:5      | Noticed an ice beast
  4519 | D:5      | Killed an ice beast
  4639 | D:5      | Noticed Sigmund
  4745 | D:5      | Reached skill level 1 in Fighting
  4745 | D:5      | Gained mutation: Your magical flight helps you evade
                  | attacks. (EV +4) [Tengu growth]
  4745 | D:5      | Reached XP level 7. HP: 38/38 MP: 5/11
  5013 | D:5      | Reached skill level 8 in Air Magic
  5108 | D:5      | Reached skill level 1 in Invocations
  5511 | D:5      | Killed Sigmund
  5512 | D:5      | Reached XP level 8. HP: 44/44 MP: 7/13
  5666 | D:5      | Reached skill level 9 in Air Magic
  6210 | D:6      | Noticed a wraith
  6224 | D:6      | Killed a wraith
  6343 | D:6      | Reached skill level 10 in Air Magic
  6450 | D:6      | Reached * piety under Nemelex Xobeh
  6499 | D:6      | Reached skill level 5 in Shields
  6499 | D:6      | Reached skill level 11 in Air Magic
  6499 | D:6      | Reached XP level 9. HP: 50/50 MP: 9/16
  6658 | D:6      | Found a blossoming altar of Fedhas.
  6750 | D:6      | Reached skill level 12 in Air Magic
  6865 | D:6      | Noticed Pikel
  6890 | D:6      | Killed Pikel
  6891 | D:6      | Reached skill level 14 in Air Magic
  7462 | D:6      | Learned a level 4 spell: Airstrike
  7536 | D:7      | Found a snail-covered altar of Cheibriados.
  7573 | D:7      | Noticed a komodo dragon
  7610 | D:7      | Killed a komodo dragon
  7611 | D:7      | Reached skill level 15 in Air Magic
  7744 | D:7      | Found a staircase to the Ecumenical Temple.
  7750 | D:7      | Received a gift from Nemelex Xobeh
  7750 | D:7      | Found Tuskacac's Antique Weapon Shoppe.
  8017 | D:7      | Noticed a moth of wrath
  8113 | D:7      | Found a transporter.
  8121 | D:7      | Found a bloodstained altar of Trog.
  8121 | D:7      | Found a transporter.
  8122 | D:7      | Noticed ggggg's ghost (novice DsNe)
  8131 | D:7      | Reached ** piety under Nemelex Xobeh
  8406 | D:7      | Learned a level 2 spell: Blink
  8487 | D:8      | Noticed Erica
  8577 | D:8      | Received a gift from Nemelex Xobeh
  8754 | D:8      | Killed Erica
  8755 | D:8      | Reached skill level 5 in Spellcasting
  8755 | D:8      | Reached skill level 1 in Translocations
  8755 | D:8      | Reached skill level 16 in Air Magic
  8755 | D:8      | Reached XP level 10. HP: 56/56 MP: 6/18
  9018 | D:8      | Reached skill level 1 in Throwing
  9314 | D:8      | Found a runed translucent door.
  9337 | D:8      | Reached skill level 17 in Air Magic
  9346 | D:8      | Found a runed translucent door.
  9366 | D:8      | Reached skill level 5 in Invocations
 10116 | D:9      | Found a staircase to the Orcish Mines.
 10190 | D:9      | Reached skill level 1 in Evocations
 10358 | D:9      | Found a runed translucent gate.
 10358 | D:9      | Found a runed translucent gate.
 10360 | D:9      | Found a runed translucent gate.
 10361 | D:9      | Noticed a kobold demonologist
 10372 | D:9      | Noticed Aneyh's ghost (novice TeMo)
 10690 | D:9      | Reached skill level 1 in Short Blades
 11394 | D:10     | Entered Level 10 of the Dungeon
 11504 | D:10     | Reached XP level 11. HP: 39/61 MP: 7/19
 11626 | D:10     | Found Rixojaaff's Magic Scroll Shop.
 11630 | D:10     | Bought a scroll of identify for 32 gold pieces
 11630 | D:10     | Bought a scroll of identify for 32 gold pieces
 11630 | D:10     | Bought a scroll of identify for 32 gold pieces
 11633 | D:10     | Bought a scroll of identify for 32 gold pieces
 11633 | D:10     | Bought a scroll of identify for 32 gold pieces
 11633 | D:10     | Bought a scroll of identify for 32 gold pieces
 11698 | D:10     | Reached *** piety under Nemelex Xobeh
 11861 | D:10     | Found Gujostuz's General Store.
 11864 | D:10     | Bought a +1 cloak of preservation for 181 gold pieces
 11877 | D:10     | Bought a scroll of identify for 22 gold pieces
 11878 | D:10     | Bought a scroll of revelation for 82 gold pieces
 11955 | D:10     | Reached skill level 5 in Conjurations
 12014 | D:10     | Found Hapimi's General Store.
 12023 | D:10     | Bought a scroll of identify for 30 gold pieces
 12023 | D:10     | Identified a scroll of acquirement
 12040 | D:10     | Received a gift from Nemelex Xobeh
 12585 | D:11     | Noticed a deep elf pyromancer
 12586 | D:11     | Noticed a deep elf pyromancer
 12587 | D:11     | Killed a deep elf pyromancer
 12588 | D:11     | Reached skill level 18 in Air Magic
 12605 | D:11     | Killed a deep elf pyromancer
 12613 | D:11     | Noticed a deep elf pyromancer
 12624 | D:11     | Killed a deep elf pyromancer
 12625 | D:11     | Reached skill level 5 in Fighting
 12768 | D:11     | Learned a level 4 spell: Summon Lightning Spire
 12779 | D:11     | Noticed an arcanist
 12782 | D:11     | Killed an arcanist
 12783 | D:11     | Reached skill level 1 in Summonings
 13199 | D:11     | Noticed an oklob plant
 13199 | D:11     | Noticed an oklob plant
 13229 | D:11     | Got the Quarto of Dhcmrlchtdj
 13234 | D:11     | Learned a level 3 spell: Mephitic Cloud
 13248 | D:11     | Got Ucuhew's Spellbook of Sand
 13255 | D:11     | Got Sif Muna's Directory of Plaster Cramp
 13260 | D:11     | Noticed a cyclops
 13262 | D:11     | Killed a cyclops
 13364 | D:11     | Noticed a two-headed ogre
 13367 | D:11     | Killed a two-headed ogre
 13921 | D:11     | Found a staircase to the Lair.
 13932 | D:11     | Noticed an oklob plant
 14500 | Orc:1    | Entered Level 1 of the Orcish Mines
 14500 | Orc:1    | Received a gift from Nemelex Xobeh
 15561 | Orc:1    | Reached XP level 12. HP: 68/68 MP: 3/20
 16170 | Orc:1    | Noticed Nergalle
 16173 | Orc:1    | Killed Nergalle
 16174 | Orc:1    | Reached skill level 5 in Dodging
 16174 | Orc:1    | Reached skill level 5 in Summonings
 16243 | Orc:1    | Found Urugamn's Book Shoppe.
 16252 | Orc:1    | Reached skill level 5 in Armour
 16370 | Orc:1    | Reached **** piety under Nemelex Xobeh
 16545 | Orc:1    | Reached skill level 19 in Air Magic
 16737 | Orc:2    | Entered Level 2 of the Orcish Mines
 17007 | Orc:2    | Noticed Sonja
 17009 | Orc:2    | Killed Sonja
 17924 | Orc:2    | Found a staircase to the Elven Halls.
 18478 | Orc:2    | Noticed an orc high priest
 18508 | Orc:2    | Killed an orc high priest
 19496 | Orc:2    | Noticed an orc high priest
 19829 | Orc:2    | Noticed a soul eater
 19832 | Orc:2    | Killed an orc high priest
 20016 | Orc:2    | Noticed an orc high priest
 20019 | Orc:2    | Killed an orc high priest
 20020 | Orc:2    | Reached skill level 10 in Conjurations
 20033 | Orc:2    | Noticed an orc high priest
 20132 | Orc:2    | Killed an orc high priest
 20136 | Orc:2    | Reached XP level 13. HP: 72/72 MP: 11/24
 20468 | Orc:2    | Found Xitio's Antique Armour Shoppe.
 20471 | Orc:2    | Found Irubyruf's Armour Shoppe.
 20472 | Orc:2    | Found Iru Kuno's Armour Shoppe.
 20473 | Orc:2    | Found Ufapnoupn's Antique Weapon Emporium.
 20481 | Orc:2    | Bought a scorched demon trident for 620 gold pieces
 20481 | Orc:2    | Identified the +5 demon trident of Bemah {freeze, Int+2}
                  | (You bought it in a shop on level 2 of the Orcish Mines)
 20552 | Orc:2    | Noticed Urug
 20557 | Orc:2    | Killed Urug
 20680 | Orc:2    | Reached skill level 1 in Polearms
 21295 | Lair:1   | Entered Level 1 of the Lair of Beasts
 21482 | Lair:1   | Received a gift from Nemelex Xobeh
 22504 | Lair:2   | Noticed Gastronok
 22513 | Lair:2   | Killed Gastronok
 22551 | Lair:2   | Identified the +4 ring mail of the Blue God {Rampage rF+}
 22733 | Lair:2   | Received a gift from Nemelex Xobeh
 22868 | Lair:2   | Found a staircase to the Shoals.
 22976 | Lair:2   | Reached skill level 20 in Air Magic
 23609 | Lair:2   | Reached ***** piety under Nemelex Xobeh
 23671 | Lair:2   | Received a gift from Nemelex Xobeh
 24618 | Lair:3   | Found a broken altar of Ashenzari.
 25051 | Lair:3   | Received a gift from Nemelex Xobeh
 25173 | Lair:3   | Found a staircase to the Snake Pit.
 25645 | Lair:3   | Reached XP level 14. HP: 82/82 MP: 11/27
 26334 | Lair:4   | Found a frozen archway.
 26380 | IceCv    | Entered an ice cave
 26390 | IceCv    | Received a gift from Nemelex Xobeh
 27025 | IceCv    | Reached skill level 1 in Long Blades
 27286 | IceCv    | Noticed a reaper
 27292 | IceCv    | Killed a reaper
 27413 | IceCv    | Identified the +5 scale mail "Jompoumi" {Int+7 Stlth+}
 27886 | Lair:4   | Received a gift from Nemelex Xobeh
 28360 | Lair:4   | Found a staircase to the Slime Pits.
 28361 | Lair:4   | Found a viscous altar of Jiyva.
 28502 | Lair:4   | Reached skill level 21 in Air Magic
 29030 | Lair:5   | Entered Level 5 of the Lair of Beasts
 29030 | Lair:5   | Received a gift from Nemelex Xobeh
 29317 | Lair:5   | Found an opulent altar of Gozag.
 29432 | Lair:5   | Received a gift from Nemelex Xobeh
 29674 | Lair:5   | Noticed Rupert
 30878 | Lair:5   | Reached XP level 15. HP: 88/88 MP: 17/29
 31052 | Lair:5   | Received a gift from Nemelex Xobeh
 32614 | D:12     | Reached skill level 10 in Spellcasting
 33243 | D:13     | Found a portal to a secret trove of treasure.
 33537 | D:13     | Received a gift from Nemelex Xobeh
 33568 | D:13     | Noticed Josephine
 33581 | D:13     | Killed Josephine
 34131 | D:13     | Found Nuror's General Store.
 34399 | D:14     | Reached ****** piety under Nemelex Xobeh
 34408 | D:14     | Noticed Snorg
 34419 | D:14     | Killed Snorg
 35210 | D:14     | Received a gift from Nemelex Xobeh
 36102 | D:14     | Found a gate to the Vaults.
 36154 | D:15     | Entered Level 15 of the Dungeon
 36154 | D:15     | Noticed Nessos
 36579 | D:15     | Found a staircase to the Depths.
 36619 | D:15     | Received a gift from Nemelex Xobeh
 36946 | D:15     | Reached skill level 22 in Air Magic
 37083 | D:15     | Killed Nessos
 37335 | D:15     | Reached XP level 16. HP: 55/96 MP: 6/31
 38235 | D:15     | Received a gift from Nemelex Xobeh
 38236 | D:15     | Found a basalt altar of Yredelemnul.
 38499 | D:15     | Upgraded the game from 0.32-a0-20-ge526923d97 to
                  | 0.32-a0-22-g6ae6769602
 38709 | Shoals:1 | Entered Level 1 of the Shoals
 40168 | Shoals:1 | Received a gift from Nemelex Xobeh
 40227 | Shoals:1 | Found a runed translucent door.
 40807 | Shoals:1 | Received a gift from Nemelex Xobeh
 41187 | Shoals:1 | Identified the +0 animal skin of Heresy {rN++}
 41583 | Shoals:2 | Received a gift from Nemelex Xobeh
 42672 | Shoals:2 | Received a gift from Nemelex Xobeh
 43489 | Shoals:3 | Learned a level 4 spell: Iskenderun's Mystic Blast
 43525 | Shoals:3 | Reached skill level 10 in Fighting
 43802 | Shoals:3 | Reached skill level 15 in Conjurations
 44405 | Shoals:3 | Received a gift from Nemelex Xobeh
 44625 | Shoals:3 | Reached XP level 17. HP: 102/102 MP: 2/33
 45420 | Shoals:4 | Entered Level 4 of the Shoals
 45420 | Shoals:4 | Noticed Bai Suzhen
 45525 | Shoals:4 | Noticed Ilsuiw
 45537 | Shoals:4 | Reached skill level 10 in Invocations
 45681 | Shoals:3 | HP: 4/102 [something (4)]
 45682 | Shoals:3 | Drowned by a water elemental

Illustrated notes

Levels and vault maps discovered:
D:1:      dpeg_arrival_more_subterranean_lakeside_camping, layout_rooms,
          nicolae_titane
D:2:      layout_rooms
D:3:      layout_rooms
D:4:      layout_loops_ring, kennysheep_okawaru_gauntlet,
          gammafunk_temple_overflow_statue, serial_shops, nicolae_square_shop
D:5:      layout_basic, uniq_sigmund, uniq_menkaure
D:6:      layout_basic, mainiacjoe_overflow_six_doors_small, uniq_pikel
D:7:      layout_basic, cheibriados_altar_2, temple_pool_b, serial_shops,
          nicolae_shop_crystal, gammafunk_ghost_wrathful_warriors
D:8:      lemuel_insect_pit, layout_basic, uniq_erica
D:9:      layout_roguey, david_orc_3, gammafunk_ghost_nasty_kobolds
D:10:     layout_gridville, serial_shops, nicolae_shop_back_alley_shop, shop,
          shop
D:11:     layout_irregular_city, dpeg_oklobed_lair, dreamdust_princess_corridor,
          hangedman_decor_riveting, bh_hangedman_babel_library
D:12:     layout_rooms, minmay_pinched_square
D:13:     layout_rooms, serial_shops, shop, enter_trove_2, uniq_josephine
D:14:     layout_roguey [special_room_orc], david_vaults_1,
          minmay_misc_feat_rows, uniq_snorg
D:15:     grunt_enter_depths_hoard, layout_cave_pools,
          yredelemnul_altar_generic, corexii_leaking_fountain, uniq_nessos
Lair:1:   lemuel_slime, layout_gridlike
Lair:2:   layout_roguey, elwin_shoals_entry_rooms, grunt_forest_stairs_basic,
          disabler_island, uniq_gastronok
Lair:3:   layout_chaotic_city, minmay_snake_entry_guardpost_large, basic_altar,
          chequers_serial_rivers_marsh, small_statue_intersection
Lair:4:   layout_gridlike, minmay_slime_entry_jelly_boxes,
          portal_ice_cave_demonic_guard, grunt_megastairs_1
Lair:5:   evilmike_catoblepas_cave, layout_regular_city, basic_altar,
          grunt_megastairs_2, uniq_rupert
Shoals:1: argonaut_golden_fleece, layout_shoals, lightli_airlock
Shoals:2: layout_shoals
Shoals:3: layout_shoals
Shoals:4: shoals_end_hangedman, layout_shoals, shoals_ilsuiw_alternative,
          uniq_polyphemus, uniq_bai_suzhen
Orc:1:    layout_caves, serial_shops, nicolae_shop_crystal, mines5_lemuel,
          uniq_nergalle
Orc:2:    st_orc_pillars, layout_caves, uniq_sonja, uniq_urug

Skill      XL: |  1  2  3  4  5  6  7  8  9 10 11 12 13 14 15 16 17 |
---------------+----------------------------------------------------+-----
Armour         | 1 2 3 4 6 7 8 9 |  9.2
Air Magic      | 5 6 7 8 11 16 17 18 19 20 21 22 | 22.6
Shields        | 1 2 3 5 6 |  6.0
Conjurations   | 2 3 4 8 10 11 12 14 15 | 15.3
Fighting       | 1 2 3 4 5 7 9 10 | 10.0
Invocations    | 1 3 5 6 7 9 10 | 10.0
Spellcasting   | 3 4 5 6 8 9 10 11 | 11.3
Dodging        | 4 6 7 8 9 |  9.0
Translocations | 1 2 |  2.0
Throwing       | 1 |  1.0
Evocations     | 2 3 |  3.0
Short Blades   | 1 |  1.0
Summonings     | 4 5 |  5.0
Polearms       | 3 4 |  4.3
Long Blades    | 1 |  1.8
Stealth        | |  2.0

Action                     |  1- 3 |  4- 6 |  7- 9 | 10-12 | 13-15 | 16-18 || total
---------------------------+-------+-------+-------+-------+-------+-------++-------
  Melee: Club              |     8 |       |       |       |       |       ||     8
         Kick              |     2 |     7 |     1 |     5 |    94 |    59 ||   168
         Unarmed           |     1 |       |       |       |       |       ||     1
         Dagger            |     1 |    14 |     7 |    21 |   171 |   111 ||   325
         Short sword       |       |     8 |       |       |       |       ||     8
         Peck              |       |     4 |     2 |     6 |    59 |    34 ||   105
         Scimitar          |       |       |       |       |    17 |       ||    17
  Throw: Dart              |       |       |     4 |       |     4 |       ||     8
   Cast: Shock             |    89 |   132 |   185 |   244 |   671 |   142 ||  1463
         Swiftness         |       |     1 |     1 |       |     2 |       ||     4
         Airstrike         |       |       |    13 |   228 |   188 |   190 ||   619
         Static Discharge  |       |       |       |    22 |    64 |    14 ||   100
         Summon Lightning  |       |       |       |    15 |   150 |    55 ||   220
         Mephitic Cloud    |       |       |       |       |    10 |    10 ||    20
 Invoke: Draw Destruction  |       |       |       |     1 |       |     2 ||     3
         Draw Escape       |       |       |       |       |       |     3 ||     3
         Stack Five        |       |       |       |       |       |     1 ||     1
         Draw Summoning    |       |       |       |       |       |     3 ||     3
         Draw Stack        |       |       |       |       |       |     2 ||     2
  Evoke: Wand              |       |       |       |     2 |     4 |     1 ||     7
    Use: Scroll            |       |     2 |     5 |    19 |     7 |     5 ||    38
         Potion            |       |       |     1 |     2 |     3 |     5 ||    11
   Stab: Distracted        |       |       |       |       |     6 |     2 ||     8
         Confused          |       |       |       |       |     5 |     5 ||    10
         Invisible         |       |       |       |       |     1 |       ||     1
 Armour: Robe              |    10 |    10 |       |       |    28 |       ||    48
         Leather armour    |       |    22 |    31 |    68 |   270 |   191 ||   582
  Dodge: Dodged            |    20 |    26 |    67 |   123 |   350 |   233 ||   819
  Block: Buckler           |       |     7 |    30 |    33 |   106 |   165 ||   341
         Reflection        |       |       |       |       |       |    24 ||    24

Table legend: (Time is in decaauts)
 A = Elapsed time spent in this place.
 B = Non-inter-level travel time spent in this place.
 C = Inter-level travel time spent in this place.
 D = Time resting spent in this place.
 E = Time spent auto-exploring this place.
 F = Levels seen in this place.
 G = Mean time per level.
                   A        B        C        D        E       F      G
               +--------+--------+--------+--------+--------+-----+--------+
         Total |  45721 |  43587 |   2134 |  16026 |  20601 |  27 | 1693.4 |
       Dungeon |  22925 |  21477 |   1448 |   6206 |  12034 |  15 | 1528.3 |
          Lair |   8975 |   8570 |    405 |   3070 |   4150 |   5 | 1795.0 |
        Shoals |   6973 |   6813 |    160 |   3373 |   2389 |   4 | 1743.2 |
  Orcish Mines |   5684 |   5563 |    121 |   2668 |   1965 |   2 | 2842.0 |
      Ice Cave |   1162 |   1162 |      0 |    709 |     63 |   1 | 1162.0 |
               +--------+--------+--------+--------+--------+-----+--------+

Top non-repeatable levels by time:
   Orc:2: 3651 daAuts
Shoals:1: 3047 daAuts
    D:14: 2584 daAuts
Shoals:3: 2379 daAuts
    D:11: 2332 daAuts
  Lair:5: 2306 daAuts
     D:9: 2242 daAuts
   Orc:1: 2033 daAuts
  Lair:2: 1869 daAuts
  Lair:4: 1837 daAuts
  Lair:3: 1736 daAuts
    D:12: 1715 daAuts
     D:4: 1650 daAuts
     D:6: 1605 daAuts
    D:15: 1524 daAuts
